 Dungeon Crawl Stone Soup version 0.24-a0-252-g5076262 (webtiles) character file.

Game seed: 1618000567168565025

37 Borgoz the Covered (level 3, -2/23 HPs)
             Began as a Gargoyle Fighter on Apr 17, 2019.
             Slain by an iguana (4 damage)
             ... on level 4 of the Dungeon.
             The game lasted 00:01:00 (984 turns).

Borgoz the Covered (Gargoyle Fighter)                Turns: 984, Time: 00:01:01

Health: -2/23      AC: 10    Str: 24    XL:     3   Next: 41%
Magic:  3/3        EV:  7    Int:  8    God:
Gold:   87         SH:  9    Dex: 10    Spells: 2/2 levels left

rFire    . . .     SeeInvis .   a - +0 rapier
rCold    . . .     Gourm    .   c - +0 shield
rNeg     + . .     Faith    .   b - +0 scale mail
rPois    ∞         Spirit   .   (no helmet)
rElec    +         Reflect  .   (no cloak)
rCorr    .         Harm     .   (no gloves)
MR       .....                  (no boots)
Stlth    ..........             (no amulet)
HPRegen  0.07/turn              (no ring)
MPRegen  0.08/turn              (no ring)

@: mighty
A: negative energy resistance 1, electricity resistance, unbreathing,
petrification resistance, rot immunity, AC +3
a: no special abilities


You were on level 4 of the Dungeon.
You were not hungry.

You visited 1 branch of the dungeon, and saw 3 of its levels.

You collected 87 gold pieces.

Inventory:

Hand Weapons
 a - a +0 rapier (weapon)
Armour
 b - a +0 scale mail (worn)
 c - a +0 shield (worn)
Scrolls
 e - a scroll of fear {unknown}
 h - a scroll of noise {unknown}
Potions
 g - a potion of curing {unknown}
 i - a potion of heal wounds {unknown}
Comestibles
 f - 5 rations


   Skills:
 + Level 3.5 Fighting
 + Level 2.1 Short Blades
 + Level 3.7 Armour
 + Level 0.5 Dodging
 + Level 1.6 Stealth
 - Level 3.3 Shields


You had 2 spell levels left.
You didn't know any spells.
Your spell library was empty.

Dungeon Overview and Level Annotations

Branches:
Dungeon (2/15)

Altars:


Innate Abilities, Weirdness & Mutations

You are resistant to torment.
Your stone body is resilient. (AC +3)
You are immune to poison.
You resist negative energy. (rN+)
You are resistant to electric shocks. (rElec)
You can survive without breathing.
You are immune to petrification.
You are immune to rotting.


Message History

The iguana bites you but does no damage.
You barely miss the iguana.
The iguana is severely wounded.
The hound barks!
You hear a shout!
The hound bites you but does no damage.
The hound pauses to sniff the ground.
You block the hound's attack.
The iguana bites you but does no damage.
You hit the iguana.
The iguana is severely wounded.
The hound bites you but does no damage. The iguana bites you.
* * * LOW HITPOINT WARNING * * *
The hound bites you.
* * * LOW HITPOINT WARNING * * *
Unknown command.
You closely miss the iguana.
The iguana is severely wounded.
You block the hound's attack. You block the iguana's attack.
The hound bites you but does no damage. x2; The iguana bites you.
You die...

#.#. ......#
... ......#
..##....!.#
........ .....
#..# #..###
#hl..#
#@h..#...
#........
...............
.........##....
.......... ....
........... ...
#+###....... ..
......###
........


You could see an iguana and 2 hounds.

Vanquished Creatures
  A hound skeleton (D:4)
  2 dart slugs (D:1)
  A leopard gecko (D:4)
  2 bats (D:1)
  A giant cockroach (D:1)
  5 goblins (D:1)
  2 hobgoblins (D:1)
  A frilled lizard (D:1)
  4 kobolds (D:1)
  A rat (D:1)
20 creatures vanquished.

Notes
Turn   | Place    | Note
-------+----------+-------------------------------------------
     0 | D:1      | Borgoz the Gargoyle Fighter began the quest for the Orb.
     0 | D:1      | Reached XP level 1. HP: 14/14 MP: 1/1
    81 | D:1      | Reached skill level 1 in Stealth
    81 | D:1      | Reached XP level 2. HP: 19/19 MP: 2/2
   749 | D:1      | Reached XP level 3. HP: 23/23 MP: 3/3
   959 | D:2      | You fall through a shaft for 2 floors!
   984 | D:4      | Slain by an iguana

Levels and vault maps discovered:
D:1:      erik_arrival_cave_to_civilisation [erik_arrival_cave_to_temple],
          layout_loops_ring
D:2:      kb_forest_paths, layout_basic, yredelemnul_forgotten_temple_becter,
          elyvilon_altar_4, kennysheep_slug_shrine
D:4:      layout_basic, chequers_temple_overflow_statue_of_worship,
          serial_shops, shop, first_ration, uniq_robin, uniq_duvessa,
          uniq_sigmund, uniq_crazy_yiuf_cottage

Skill      XL: |  1  2 |
---------------+-------+-----
Stealth        | 1 |  1.6
Short Blades   | 2 |  2.1
Fighting       | |  3.5
Armour         | |  3.7
Dodging        | |  0.5
Shields        | |  3.3

Action                   || total
-------------------------++-------
Melee: Rapier            ||    79
  Use: Potion            ||     1
Armor: Scale mail        ||    63
Dodge: Dodged            ||    34
Block: Shield            ||    44

Table legend:
 A = Non-vault XP
 B = Vault XP
 C = Vault XP percentage of total XP
 D = Non-vault monster count
 E = Vault monster count
 F = Vault count percentage of total count
                 A         B        C        D         E       F
            +---------+---------+-------+---------+---------+-------
      Total |      51 |       3 |   5.6 |      18 |       2 |  10.0
            +---------+---------+-------+---------+---------+-------
        D:1 |      31 |       3 |   8.8 |      16 |       2 |  11.1
        D:4 |      20 |       0 |   0.0 |       2 |       0 |   0.0
            +---------+---------+-------+---------+---------+-------
